 Dungeon Crawl Stone Soup version 0.28-a0-1412-gf95308ed99 (webtiles) character file.

Game seed: 5160237118277114907

8106 grumblor the Chopper (level 11, 0/55 HPs)
             Began as a Vine Stalker Fighter on Jan 7, 2022.
             Was a Believer of Sif Muna.
             Killed from afar by Erolcha (9 damage)
             ... with a fireball
             ... on level 9 of the Dungeon.
             The game lasted 00:20:54 (8289 turns).

grumblor the Chopper (Vine Stalker Fighter)         Turns: 8289, Time: 00:20:54

Health: 0/55       AC: 13    Str: 23    XL:     11   Next: 25%
Magic:  0/20       EV: 11    Int:  8    God:    Sif Muna [**....]
Gold:   738        SH:  6    Dex: 14    Spells: 21/21 levels left

rFire   . . .      SeeInvis .   a - +0 war axe (drain)
rCold   . . .      Faith    .   c - +1 buckler
rNeg    . . .      Spirit   +   l - +0 plate armour
rPois   .          Reflect  .   (no helmet)
rElec   .          Harm     .   x - +0 cloak
rCorr   .          Rampage  .   (no gloves)
Will    +....                   (no boots)
Stlth   ..........              p - amulet of regeneration
HPRegen 1.78/turn               e - +4 ring of evasion
MPRegen 0.17/turn               (no ring)

@: hasted, very quick
A: fangs 3, regeneration 1, magic shield, antimagic bite, no potion heal 2
a: Renounce Religion, Channel Magic


You were on level 9 of the Dungeon.
You worshipped Sif Muna.
Sif Muna was pleased with you.
You visited 2 branches of the dungeon, and saw 10 of its levels.
You visited the Abyss 1 time.
You also visited: Sewer.

You collected 738 gold pieces.

Inventory:

Hand Weapons
 a - a +0 war axe of draining (weapon)
 m - a +0 war axe
 C - a +1 scimitar of flaming
Missiles
 i - 19 poisoned darts (quivered)
 t - a throwing net
Armour
 c - a +1 buckler (worn)
 l - a +0 plate armour (worn)
 x - a +0 cloak (worn)
Jewellery
 e - a +4 ring of evasion (left hand)
 p - an amulet of regeneration (around neck)
Wands
 h - a wand of flame (6)
 k - a wand of iceblast (1)
 n - a wand of polymorph (11)
 u - a wand of mindburst (12)
Scrolls
 j - 4 scrolls of teleportation
 o - 3 scrolls of enchant armour
 w - a scroll of brand weapon
 y - a scroll of fog
 B - 2 scrolls of identify
Potions
 b - 4 potions of mutation
 d - a potion of might
 f - 2 potions of haste
 g - 2 potions of invisibility {unknown}
 q - 3 potions of ambrosia {unknown}
 r - 2 potions of curing {unknown}
 s - a potion of heal wounds {unknown}
 v - a potion of cancellation {unknown}
 z - a potion of lignification {unknown}
 A - a potion of magic {unknown}


   Skills:
 + Level 5.1 Fighting
 + Level 7.9 Axes
 - Level 4.0 Throwing
 + Level 5.0 Armour
 - Level 4.0 Dodging
 * Level 6.2 Shields
 * Level 5.9 Spellcasting
 * Level 4.7 Invocations
 * Level 4.7 Evocations


You had 21 spell levels left.
You didn't know any spells.
Your spell library contained the following spells:

 Spells                   Type           Power      Damage    Failure   Level
 Apportation              Tloc           4%         N/A       99%         1
 Magic Dart               Conj           8%         1d3       99%         1
 Call Imp                 Summ           2%         N/A       100%        2
 Sublimation of Blood     Necr           2%         N/A       100%        2
 Wereblood                Tmut           2%         N/A       100%        2
 Mephitic Cloud           Conj/Pois/Air  2%         N/A       100%        3
 Animate Armour           Summ/Erth      4%         N/A       100%        4
 Alistair's Intoxication  Tmut/Pois      1%         N/A       100%        5
 Blade Hands              Tmut           1%         N/A       100%        5
 Iron Shot                Conj/Erth      1%         9d1       100%        6
 Summon Hydra             Summ           1%         N/A       100%        7


Dungeon Overview and Level Annotations

Branches:
Dungeon (9/15)             Temple (1/1) D:5           Sewer (visited)
   Lair: D:8-11         Orc: D:9-12

Altars:
Ashenzari
Dithmenos
Fedhas
Gozag
Hepliaklqana
Kikubaaqudgha
Makhleb
Nemelex Xobeh
Okawaru
Sif Muna
Uskayaw
Vehumet
Wu Jian
Zin
The Shining One

Shops:
D:1 :   D:2 [([*=   D:7 ?

Annotations:
D:9 Erolcha


Innate Abilities, Weirdness & Mutations

You have razor-sharp teeth.
Your natural rate of healing is unusually fast.
When hurt, damage is shared between your health and your magic reserves.
Your bite disrupts and absorbs the magic of your enemies.
Potions cannot restore your health.


Message History

The hellwing hits you but does no damage.
The hellwing hits you. The hellwing barely misses you.
Unknown command.
The hellwing completely misses you.
The hellwing hits you but does no damage.
The smoke demon gestures at you. Something smites you!
The hellwing swoops through the air toward you!
You block the hellwing's attack. x2
There is a gateway leading out of the Abyss here.
The smoke demon gestures at you. Something smites you! The hellwing hits you.
You block the hellwing's attack.
You pass through the gate.
Welcome back to the Dungeon!
Level annotation: Erolcha Erolcha points at you and mumbles some strange words.
You resist with almost no effort.
Items here: ! ) [ †.
Unknown command.
Unknown command.
Aiming: Mindburst
Press: ? - help, Shift-Dir - straight line
Okay, then.
The hellwing hits you! You block the hellwing's attack. The hellwing hits you!
* * * LOW HITPOINT WARNING * * *
The hellwing completely misses you.
Things that are here:
a +0 robe; a +1 flail of freezing The hellwing hits you.
* * * LOW HITPOINT WARNING * * *
The hellwing hits you.
* * * LOW HITPOINT WARNING * * *
There is an open door here.
You feel yourself speed up. The hellwing hits you.
* * * LOW HITPOINT WARNING * * *
The hellwing closely misses you.
Erolcha points at you and mumbles some strange words.
The fireball explodes!
The fireball engulfs you!
You die...

##...#..#.....[.#.....#
)†...#..######'##..####
####.#........O....#
#.#.............#
#.#####....4....#
#.....#........)#
#.....#.........#
###♣♣♣♣♣##.........######
.<♣♣♣♣♣♣♣♣......@.......#
#P≈≈≈≈♣≈≈♣♣.............#
♣♣≈≈P≈≈≈P≈≈P..........###
♣≈≈≈≈P≈≈.≈............#
≈≈.≈.≈................#
..................)..##
.≈......≈≈.≈≈P≈♣.....#
P≈P..≈♣≈≈≈≈≈≈≈≈≈♣....#
♣≈≈≈≈≈≈≈≈≈≈≈≈≈≈≈≈♣...#


You could see Erolcha and a hellwing.

Vanquished Creatures
  Harold (D:8)
  Erica (D:9)
  The ghost of eustatius the Spear-Bearer, a novice MiWn of Hepliaklqana (D:6)
  Pikel (D:8)
  A cyclops (D:6)
  Maurice (D:8)
  A smoke demon (Abyss:1)
  Psyche (D:9)
  A troll (D:9)
  Sigmund (D:6)
  3 yaks (D:5)
  A wyvern (D:7)
  3 steam dragons
  A water moccasin (D:8)
  Edmund (D:6)
  2 orc warriors
  Duvessa (D:7)
  An ice beast (D:6)
  A sky beast (D:5)
  A black bear (D:7)
  Pargi (Sewer)
  3 necrophages
  3 centaurs
  3 ogres
  A lemure (D:8)
  3 bullfrogs
  3 gnoll sergeants
  2 wyvern zombies
  Dowan (D:7)
  2 electric eels (D:9)
  8 wights
  A lava snake (D:9)
  A centaur zombie (D:7)
  2 hounds
  2 orc priests (D:7)
  2 jellies
  3 iguanas (D:6)
  6 orc wizards
  A hound skeleton (D:4)
  A howler monkey zombie (D:6)
  10 gnolls
  9 adders
  A shadow imp (D:3)
  3 white imps (D:7)
  2 worms (D:4)
  4 dart slugs
  20 orcs
  6 ball pythons
  5 bats
  2 endoplasms (D:2)
  5 giant cockroaches
  10 goblins
  3 hobgoblins
  4 jackals
  6 quokkas
  2 frilled lizards
  10 kobolds
  6 rats
  A spectral kobold (D:2)
183 creatures vanquished.

Vanquished Creatures (others)
  A howler monkey (D:9)
  An orc wizard (D:8)
  5 plants
7 creatures vanquished.

Grand Total: 190 creatures vanquished

Notes
Turn   | Place    | Note
-------+----------+-------------------------------------------
     0 | D:1      | grumblor the Vine Stalker Fighter began the quest for the
                  | Orb.
     0 | D:1      | Reached XP level 1. HP: 11/11 MP: 2/2
   462 | D:1      | Reached XP level 2. HP: 16/16 MP: 1/3
   724 | D:1      | Found Bupt's Book Shop.
  1202 | D:2      | Reached XP level 3. HP: 17/19 MP: 4/4
  1236 | D:2      | Found Sisaute's Weapon Shoppe.
  1518 | D:2      | Found Cyel's Assorted Antiques.
  1564 | D:2      | Reached skill level 2 in Axes
  1564 | D:2      | Reached skill level 1 in Spellcasting
  1569 | D:2      | Gained mutation: Your natural rate of healing is unusually
                  | fast. [Vine Stalker growth]
  1569 | D:2      | Reached XP level 4. HP: 8/23 MP: 6/6
  1593 | D:2      | Found Penexiva's Armour Emporium.
  1644 | D:2      | Found a faded altar of an unknown god.
  1672 | D:2      | Found Hiabrenly's Armour Emporium.
  1804 | D:2      | Found Baisysmu's Jewellery Emporium.
  1807 | D:2      | Reached skill level 1 in Dodging
  2462 | D:4      | Reached XP level 5. HP: 28/28 MP: 6/8
  2544 | D:4      | Noticed a necrophage
  2560 | D:4      | Killed a necrophage
  2561 | D:4      | Reached skill level 3 in Axes
  2639 | D:4      | Found a glowing drain.
  2644 | D:4      | Reached XP level 6. HP: 31/32 MP: 7/9
  2658 | Sewer    | Entered a sewer
  2702 | Sewer    | Noticed Pargi
  2709 | Sewer    | Killed Pargi
  2710 | Sewer    | Reached skill level 1 in Throwing
  2976 | D:4      | Reached XP level 7. HP: 36/36 MP: 11/11
  3290 | D:5      | Entered Level 5 of the Dungeon
  3334 | D:5      | Noticed a yak
  3334 | D:5      | Noticed a yak
  3334 | D:5      | Noticed a yak
  3367 | D:5      | Killed a yak
  3368 | D:5      | Reached skill level 4 in Axes
  3377 | D:5      | Killed a yak
  3378 | D:5      | Reached skill level 1 in Evocations
  3378 | D:5      | Killed a yak
  3379 | D:5      | Gained mutation: You have razor-sharp teeth. [Vine Stalker
                  | growth]
  3379 | D:5      | Reached XP level 8. HP: 31/40 MP: 11/13
  3410 | D:5      | Found a staircase to the Ecumenical Temple.
  3429 | Temple   | Entered the Ecumenical Temple
  3455 | Temple   | Became a worshipper of Sif Muna the Loreminder
  4307 | D:6      | Reached skill level 5 in Axes
  4318 | D:6      | Reached skill level 1 in Invocations
  4366 | D:5      | Reached XP level 9. HP: 44/45 MP: 8/15
  4467 | D:6      | Noticed Sigmund
  4495 | D:6      | Killed Sigmund
  4534 | D:6      | Noticed Edmund
  4544 | D:6      | Killed Edmund
  4680 | D:6      | Identified the +7 scythe of Eternal Harmony {vorpal, Int+4
                  | Dex+3}
  5092 | D:7      | Noticed Duvessa
  5092 | D:7      | Noticed Dowan
  5109 | D:7      | Killed Duvessa
  5110 | D:7      | Reached skill level 6 in Axes
  5115 | D:7      | Killed Dowan
  5159 | D:6      | Reached * piety under Sif Muna
  5262 | D:7      | Found a runed translucent gate.
  5262 | D:7      | Found an opulent altar of Gozag.
  5263 | D:7      | Found a runed translucent gate.
  5263 | D:7      | Found a runed translucent gate.
  5263 | D:7      | Noticed a cyclops
  5263 | D:7      | Noticed eustatius's ghost (novice MiWn)
  5421 | D:7      | Reached skill level 5 in Shields
  5445 | D:7      | Found Guceigh's Magic Scroll Boutique.
  6068 | D:6      | Killed eustatius's ghost
  6069 | D:6      | Reached XP level 10. HP: 51/51 MP: 16/18
  6101 | D:6      | Killed a cyclops
  6247 | D:8      | Noticed Harold
  6613 | D:7      | Reached ** piety under Sif Muna
  6692 | D:8      | Killed Harold
  6693 | D:8      | Reached skill level 7 in Axes
  6693 | D:8      | Reached skill level 5 in Spellcasting
  6784 | D:8      | Noticed Pikel
  6797 | D:8      | Killed Pikel
  6935 | D:8      | Noticed Maurice
  6989 | D:8      | Killed Maurice
  7793 | D:9      | Reached XP level 11. HP: 54/54 MP: 20/20
  7834 | D:9      | Noticed Erica
  7843 | D:9      | Killed Erica
  7844 | D:9      | Reached skill level 5 in Fighting
  8162 | D:9      | Noticed a yaktaur captain
  8165 | D:9      | Noticed Psyche
  8170 | D:9      | Noticed Erolcha
  8186 | D:9      | Killed Psyche
  8188 | D:9      | Cast into level 1 of the Abyss (Erolcha)
  8235 | Abyss:1  | Reached skill level 5 in Armour
  8278 | D:9      | Escaped the Abyss
  8282 | D:9      | HP: 1/55 [hellwing (3)]
  8289 | D:9      | Killed from afar by Erolcha

Illustrated notes

Levels and vault maps discovered:
D:1:      eino_arrival_cavern_a, layout_loops_corners, serial_shops, shop,
          minivault_11, nrook_campfire
D:2:      layout_basic, dreamdust_ecumenical_altar_drowned_temple, serial_shops,
          nicolae_shop_stone, nicolae_shop_hallway_plus,
          nicolae_shop_overgrown_old_shop, nicolae_shop_advertising_works
          [nicolae_subvault_shop_adworks], shop, minmay_tripent
D:3:      layout_rooms
D:4:      layout_loops_ring, cheibrodos_sewer_entry_sluice
D:5:      layout_cave_pools, minmay_temple_entry_large_hall,
          minmay_misc_feat_rows, kennysheep_small_spiral, serial_bayou_lake_a
D:6:      layout_cave_pools, sigmund_edmund_badplayer
D:7:      layout_loops_ring, enter_bailey_7, ebering_ghost_gozag, serial_shops,
          nicolae_shop_waterfront, roderic_roman_lattice,
          grunt_decor_resistance, uniq_duvessa
D:8:      layout_basic, minmay_strange_pillars, minmay_door_square, uniq_harold,
          uniq_maurice, uniq_pikel
D:9:      layout_irregular_city, serial_bayou_ford_a,
          kennysheep_cross_bottleneck, wad_dig_loot, uniq_erolcha, uniq_joseph,
          uniq_psyche, uniq_erica
Temple:   nicolae_temple_the_god_donut

Skill      XL: |  1  2  3  4  5  6  7  8  9 10 11 |
---------------+----------------------------------+-----
Shields        | 3 4 5 6 |  6.2
Axes           | 2 3 4 5 6 7 |  7.9
Spellcasting   | 1 2 3 4 5 |  5.9
Dodging        | 1 2 3 4 |  4.0
Fighting       | 3 4 5 |  5.1
Throwing       | 1 2 3 4 |  4.0
Armour         | 3 4 5 |  5.0
Evocations     | 1 2 3 4 |  4.7
Invocations    | 1 3 4 |  4.7

Action                   |  1- 3 |  4- 6 |  7- 9 | 10-12 || total
-------------------------+-------+-------+-------+-------++-------
Melee: War axe           |    77 |   132 |   269 |   166 ||   644
       Bite              |    10 |    27 |    83 |    47 ||   167
Throw: Dart              |       |     3 |     9 |    24 ||    36
Evoke: Wand              |       |       |       |     4 ||     4
  Use: Scroll            |     2 |     8 |     4 |     1 ||    15
       Potion            |       |       |       |     1 ||     1
Armor: Scale mail        |    50 |    43 |       |       ||    93
       Troll leather arm |       |     1 |    34 |       ||    35
       Plate armour      |       |       |    31 |    79 ||   110
Dodge: Dodged            |    51 |    93 |   207 |    98 ||   449
Block: Buckler           |    24 |    53 |    82 |    63 ||   222

Table legend: (Time is in decaauts)
 A = Elapsed time spent in this place.
 B = Non-inter-level travel time spent in this place.
 C = Inter-level travel time spent in this place.
 D = Time resting spent in this place.
 E = Time spent auto-exploring this place.
 F = Levels seen in this place.
 G = Mean time per level.
                   A        B        C        D        E       F      G
               +--------+--------+--------+--------+--------+-----+--------+
         Total |   8507 |   8247 |    260 |    416 |   5877 |  12 |  708.9 |
       Dungeon |   8190 |   7953 |    237 |    416 |   5730 |   9 |  910.0 |
        Temple |     49 |     26 |     23 |      0 |     12 |   1 |   49.0 |
         Abyss |     81 |     81 |      0 |      0 |     37 |   1 |   81.0 |
         Sewer |    185 |    185 |      0 |      0 |     97 |   1 |  185.0 |
               +--------+--------+--------+--------+--------+-----+--------+

Top non-repeatable levels by time:
     D:7: 1401 daAuts
     D:8: 1204 daAuts
     D:1: 1167 daAuts
     D:5: 1060 daAuts
     D:6: 866 daAuts
     D:2: 748 daAuts
     D:4: 740 daAuts
     D:3: 545 daAuts
     D:9: 454 daAuts
   Sewer: 185 daAuts
 Abyss:1: 81 daAuts
  Temple: 49 daAuts
